Workbook
Name Constant: [9]Lists!$M$9:$Q$269
Name CurrDistName: [1]results_menu!$G$9
Name CurrDistName: [1]results_menu!$G$9
Name CurrDistName: #REF!
Name CurrDistName: #REF!
Name CurrentDistrict: [1]results_menu!$G$8
Name CurrentDistrict: [1]results_menu!$G$8
Name CurrentDistrict: #REF!
Name CurrentDistrict: #REF!
Name Edward: #REF!
Name Frank: [2]FY2005!$A$17:$BF$298
Name FY05data: [7]FY2005!$A$17:$BF$298
Name FY05data: #REF!
Name FY05data: [2]FY2005!$A$17:$BF$298
Name FY05data: #REF!
Name FY05data: #REF!
Name FY06data: [7]FY2006!$A$17:$BH$297
Name FY06data: #REF!
Name FY06data: [2]FY2006!$A$17:$BH$297
Name FY06data: #REF!
Name FY06data: #REF!
Name FY07data: [7]FY2007!$A$17:$BF$277
Name FY07data: #REF!
Name FY07data: [2]FY2007!$A$17:$BF$277
Name FY07data: #REF!
Name FY07data: #REF!
Name Jones: [2]Lists!$M$9:$Q$269
Name lists: [7]Lists!$M$9:$Q$269
Name lists: #REF!
Name lists: [2]Lists!$M$9:$Q$269
Name lists: #REF!
Name lists: #REF!
Name listsLEA: [3]Lists!$M$9:$X$310
Name listsLEA: [3]Lists!$M$9:$X$310
Name listsLEA: #REF!
Name listsLEA: #REF!
Name names: [8]Lists!$M$9:$Q$269
Name names: [4]Lists!$M$9:$Q$269
Name names: #REF!
Name names: #REF!
Name TEST: [10]Lists!$M$9:$Q$269
Name TEST: [5]Lists!$M$9:$Q$269
Name TEST: #REF!
Name TEST: #REF!
Name Tomorrow: [6]Lists!$M$9:$Q$269
Name XXXX: [11]Lists!$M$9:$Q$269
Name xxxx: #REF!
Name XXXXX: [11]Lists!$M$9:$Q$269
Name XXXXX: [6]Lists!$M$9:$Q$269
Name XXXXX: #REF!
Name XXXXX: #REF!

Sheet Func Sort
A1: Westminster School District
A2: FY27 Comparative Budget Report
A3: General Fund (1001)
B5: Fund | C5: Loc | D5: Level | E5: Prgm | F5: Rev | G5: Func | H5: Type | I5: Acct | J5: Local | K5: Account | L5: FY25 Budget | M5: FY25 Actual | N5: FY26 Budget | O5: FY27 Budget
K7: Revenue
B8: 1001 | C8: 106 | D8: 11 | E8: 11 | F8: 5 | G8: 0 | H8: 4 | I8: 1510 | J8: 0 | K8: Bank Interest - Mascoma Gen Fund | L8: 0 | M8: 25032.12 | N8: 0 | O8: 15000
B9: 1001 | C9: 106 | D9: 11 | E9: 11 | F9: 5 | G9: 0 | H9: 4 | I9: 5230 | J9: 0 | K9: Prior Year Revenue | L9: 150000 | M9: =150000+131343.14 -> 281343.14 | N9: 100000 | O9: 100000
B10: 1001 | C10: 106 | D10: 51 | E10: 11 | F10: 7 | G10: 0 | H10: 4 | I10: 3110 | J10: 0 | K10: ED Spending Grant | L10: 2350406 | M10: 2457723.9 | N10: 5208124 | O10: 5030255
B11: 1001 | C11: 106 | D11: 51 | E11: 11 | F11: 7 | G11: 0 | H11: 4 | I11: 3110 | J11: 0 | K11: ED Spending Tax | L11: 2865594 | M11: 2758276.1 | N11: 0 | O11: 0
K12: TOTAL REVENUE | L12: 5366000 | M12: =SUM(M8:M11) -> 5522375.3 | N12: 5308124 | O12: 5145255
K14: EXPENDITURES
B15: Fund | C15: Loc | D15: Level | E15: Prgm | F15: Rev | G15: Func | H15: Type | I15: Acct | J15: Local | K15: Description | L15: Budget | M15: Actual | N15: Actual | O15: Actual
K17: Elementary
K18: Pre-Kindergarten
B19: 1001 | C19: 106 | D19: 1 | E19: 11 | F19: 0 | G19: 1101 | H19: 5 | I19: 5620 | J19: 0 | K19: Tuition To Private VT | L19: 81564 | M19: 70466.85 | N19: 78000 | O19: 74495
K20: Total Regular Ed | L20: 81564 | M20: 70466.85 | N20: 78000 | O20: 74495
K22: Direct Instruction
B23: 1001 | C23: 106 | D23: 11 | E23: 11 | F23: 0 | G23: 1101 | H23: 5 | I23: 1110 | J23: 0 | K23: Teacher Salaries | L23: 1115304 | M23: 1154327.1 | N23: 1055759 | O23: 1078482
B24: 1001 | C24: 106 | D24: 11 | E24: 11 | F24: 0 | G24: 1101 | H24: 5 | I24: 1910 | J24: 0 | K24: Stipends | L24: 1500 | M24: 0 | N24: 1500 | O24: 0
B25: 1001 | C25: 106 | D25: 11 | E25: 11 | F25: 0 | G25: 1101 | H25: 5 | I25: 1210 | J25: 0 | K25: Paraeducator Salaries | L25: 55336 | M25: 31580.37 | N25: 58226 | O25: 58473
B26: 1001 | C26: 106 | D26: 11 | E26: 11 | F26: 0 | G26: 1101 | H26: 5 | I26: 1310 | J26: 0 | K26: Substitute | L26: 25000 | M26: 13680 | N26: 25000 | O26: 25000
B27: 1001 | C27: 106 | D27: 11 | E27: 11 | F27: 0 | G27: 1101 | H27: 5 | I27: 2110 | J27: 0 | K27: Health Insurance | L27: 332514 | M27: 279952.33 | N27: 307273 | O27: 300425
B28: 1001 | C28: 106 | D28: 11 | E28: 11 | F28: 0 | G28: 1101 | H28: 5 | I28: 2180 | J28: 0 | K28: HSA | L28: 0 | M28: 0 | N28: 0 | O28: 1900
B29: 1001 | C29: 106 | D29: 11 | E29: 11 | F29: 0 | G29: 1101 | H29: 5 | I29: 2190 | J29: 0 | K29: HRA | L29: 0 | M29: 0 | N29: 0 | O29: 41300
B30: 1001 | C30: 106 | D30: 11 | E30: 11 | F30: 0 | G30: 1101 | H30: 5 | I30: 2200 | J30: 0 | K30: FICA | L30: 89984 | M30: 85339.08 | N30: 85218 | O30: 86976
B31: 1001 | C31: 106 | D31: 11 | E31: 11 | F31: 0 | G31: 1101 | H31: 5 | I31: 2290 | J31: 0 | K31: Childcare Tax | L31: 3882 | M31: 3329.69 | N31: 3678 | O31: 3750
B32: 1001 | C32: 106 | D32: 11 | E32: 11 | F32: 0 | G32: 1101 | H32: 5 | I32: 2320 | J32: 0 | K32: VSTRS - OPEB | L32: 16000 | M32: 56365.95 | N32: 16000 | O32: 23268
B33: 1001 | C33: 106 | D33: 11 | E33: 11 | F33: 0 | G33: 1101 | H33: 5 | I33: 2340 | J33: 0 | K33: VMERS | L33: 3874 | M33: 2202.64 | N33: 4222 | O33: 4239
B34: 1001 | C34: 106 | D34: 11 | E34: 11 | F34: 0 | G34: 1101 | H34: 5 | I34: 2350 | J34: 0 | K34: Retirement Incentive - Local | L34: 7500 | M34: 0 | N34: 7500 | O34: 7500
... B49: 1001 | C49: 106 | D49: 11 | E49: 11 | F49: 0 | G49: 1101 | H49: 5 | I49: 8110 | J49: 0 | K49: Dues & Fees | L49: 2250 | M49: 517.88 | N49: 500 | O49: 500
K50: Total Direct Instruction | L50: 1855253 | M50: 1742358.7 | N50: 1656088 | O50: 1730228
K52: Special Education
B53: 1001 | C53: 106 | D53: 11 | E53: 21 | F53: 0 | G53: 1201 | H53: 5 | I53: 3210 | J53: 0 | K53: Professional Educational Services | L53: 8000 | M53: 0 | N53: 8000 | O53: 0
B54: 1001 | C54: 106 | D54: 11 | E54: 21 | F54: 0 | G54: 1201 | H54: 5 | I54: 5940 | J54: 0 | K54: Special Ed Excess Cost | L54: 20000 | M54: 0 | N54: 20000 | O54: 0
K55: Total Special Ed | L55: 28000 | M55: 0 | N55: 28000 | O55: 0
K57: Co-Curricular
B58: 1001 | C58: 106 | D58: 11 | E58: 11 | F58: 0 | G58: 1501 | H58: 5 | I58: 6110 | J58: 0 | K58: General Supplies | L58: 2000 | M58: 908.01 | N58: 2000 | O58: 2000
B59: 1001 | C59: 106 | D59: 11 | E59: 11 | F59: 0 | G59: 1501 | H59: 5 | I59: 8110 | J59: 0 | K59: Dues & Fees | L59: 15000 | M59: 13935.94 | N59: 15000 | O59: 15000
K60: Total Co-Curricular | L60: 17000 | M60: 14843.95 | N60: 17000 | O60: 17000
K62: Guidance
B63: 1001 | C63: 106 | D63: 11 | E63: 11 | F63: 0 | G63: 2120 | H63: 5 | I63: 1110 | J63: 0 | K63: Teacher Salaries | L63: 79123 | M63: 81008 | N63: 82628 | O63: 84280
B64: 1001 | C64: 106 | D64: 11 | E64: 11 | F64: 0 | G64: 2120 | H64: 5 | I64: 2110 | J64: 0 | K64: Health Insurance | L64: 32808 | M64: 33222.4 | N64: 36546 | O64: 35117
B65: 1001 | C65: 106 | D65: 11 | E65: 11 | F65: 0 | G65: 2120 | H65: 5 | I65: 2190 | J65: 0 | K65: HRA | L65: 0 | M65: 0 | N65: 0 | O65: 4000
B66: 1001 | C66: 106 | D66: 11 | E66: 11 | F66: 0 | G66: 2120 | H66: 5 | I66: 2200 | J66: 0 | K66: FICA | L66: 6053 | M66: 5477.54 | N66: 6321 | O66: 6447
B67: 1001 | C67: 106 | D67: 11 | E67: 11 | F67: 0 | G67: 2120 | H67: 5 | I67: 2290 | J67: 0 | K67: Childcare Tax | L67: 261 | M67: 218.76 | N67: 273 | O67: 278
B68: 1001 | C68: 106 | D68: 11 | E68: 11 | F68: 0 | G68: 2120 | H68: 5 | I68: 2610 | J68: 0 | K68: Unemployment Ins. | L68: 0 | M68: 0 | N68: 0 | O68: 5
B69: 1001 | C69: 106 | D69: 11 | E69: 11 | F69: 0 | G69: 2120 | H69: 5 | I69: 2710 | J69: 0 | K69: Workers Comp | L69: 79 | M69: 81 | N69: 83 | O69: 648
B70: 1001 | C70: 106 | D70: 11 | E70: 11 | F70: 0 | G70: 2120 | H70: 5 | I70: 2810 | J70: 0 | K70: Dental Insurance | L70: 361 | M70: 360.48 | N70: 361 | O70: 350
B71: 1001 | C71: 106 | D71: 11 | E71: 11 | F71: 0 | G71: 2120 | H71: 5 | I71: 2920 | J71: 0 | K71: Life Insurance | L71: 0 | M71: 0 | N71: 0 | O71: 19
B72: 1001 | C72: 106 | D72: 11 | E72: 11 | F72: 0 | G72: 2120 | H72: 5 | I72: 2940 | J72: 0 | K72: Long Term Disablity | L72: 227 | M72: 195.61 | N72: 236 | O72: 214
B73: 1001 | C73: 106 | D73: 11 | E73: 11 | F73: 0 | G73: 2120 | H73: 5 | I73: 6110 | J73: 0 | K73: General Supplies | L73: 300 | M73: 152.72 | N73: 300 | O73: 0
K74: Total Guidance | L74: 119212 | M74: 120716.51 | N74: 126748 | O74: 131358
K76: Health Services
B77: 1001 | C77: 106 | D77: 11 | E77: 11 | F77: 0 | G77: 2131 | H77: 5 | I77: 1110 | J77: 0 | K77: Teacher Salaries | L77: 68173 | M77: 68497 | N77: 70392 | O77: 73016
B78: 1001 | C78: 106 | D78: 11 | E78: 11 | F78: 0 | G78: 2131 | H78: 5 | I78: 2110 | J78: 0 | K78: Health Insurance | L78: 23823 | M78: 16378.48 | N78: 22511 | O78: 19695
B79: 1001 | C79: 106 | D79: 11 | E79: 11 | F79: 0 | G79: 2131 | H79: 5 | I79: 2180 | J79: 0 | K79: HSA | L79: 0 | M79: 0 | N79: 0 | O79: 4000
B80: 1001 | C80: 106 | D80: 11 | E80: 11 | F80: 0 | G80: 2131 | H80: 5 | I80: 2200 | J80: 0 | K80: FICA | L80: 5215 | M80: 4767.49 | N80: 5385 | O80: 5586
B81: 1001 | C81: 106 | D81: 11 | E81: 11 | F81: 0 | G81: 2131 | H81: 5 | I81: 2290 | J81: 0 | K81: Childcare Tax | L81: 225 | M81: 191.2 | N81: 232 | O81: 241
B82: 1001 | C82: 106 | D82: 11 | E82: 11 | F82: 0 | G82: 2131 | H82: 5 | I82: 2320 | J82: 0 | K82: VSTRS - OPEB | L82: 0 | M82: 0 | N82: 0 | O82: 1649
B83: 1001 | C83: 106 | D83: 11 | E83: 11 | F83: 0 | G83: 2131 | H83: 5 | I83: 2610 | J83: 0 | K83: Unemployment Comp | L83: 0 | M83: 0 | N83: 0 | O83: 5
B84: 1001 | C84: 106 | D84: 11 | E84: 11 | F84: 0 | G84: 2131 | H84: 5 | I84: 2710 | J84: 0 | K84: Workers Comp | L84: 68 | M84: 70 | N84: 70 | O84: 560
B85: 1001 | C85: 106 | D85: 11 | E85: 11 | F85: 0 | G85: 2131 | H85: 5 | I85: 2810 | J85: 0 | K85: Dental Insurance | L85: 361 | M85: 360.48 | N85: 361 | O85: 350
B86: 1001 | C86: 106 | D86: 11 | E86: 11 | F86: 0 | G86: 2131 | H86: 5 | I86: 2920 | J86: 0 | K86: Life Insurance | L86: 0 | M86: 0 | N86: 0 | O86: 19
B87: 1001 | C87: 106 | D87: 11 | E87: 11 | F87: 0 | G87: 2131 | H87: 5 | I87: 2940 | J87: 0 | K87: Long Term Disablity | L87: 200 | M87: 168.11 | N87: 205 | O87: 185
B88: 1001 | C88: 106 | D88: 11 | E88: 11 | F88: 0 | G88: 2131 | H88: 5 | I88: 5310 | J88: 0 | K88: Communications | L88: 558 | M88: 0 | N88: 558 | O88: 550
... B91: 1001 | C91: 106 | D91: 11 | E91: 11 | F91: 0 | G91: 2131 | H91: 5 | I91: 8110 | J91: 0 | K91: Dues & Fees | L91: 800 | M91: 0 | N91: 0 | O91: 0
K92: Total Health Services | L92: 102523 | M92: 91974.57 | N92: 103614 | O92: 108300
K94: Instruction and Curriculum
B95: 1001 | C95: 106 | D95: 11 | E95: 11 | F95: 0 | G95: 2212 | H95: 5 | I95: 3210 | J95: 0 | K95: Professional Educational Services | L95: 2000 | M95: 1838 | N95: 2000 | O95: 2000
B96: 1001 | C96: 106 | D96: 11 | E96: 11 | F96: 0 | G96: 2212 | H96: 5 | I96: 6110 | J96: 0 | K96: General Supplies | L96: 8500 | M96: 729.05 | N96: 1000 | O96: 1000
K97: Total Instruction & Curriculum | L97: 10500 | M97: 2567.05 | N97: 3000 | O97: 3000
K99: Library / Media Services
B100: 1001 | C100: 106 | D100: 11 | E100: 11 | F100: 0 | G100: 2220 | H100: 5 | I100: 1110 | J100: 0 | K100: Teacher Salaries | L100: 75543 | M100: 74897 | N100: 76792 | O100: 79416
B101: 1001 | C101: 106 | D101: 11 | E101: 11 | F101: 0 | G101: 2220 | H101: 5 | I101: 2110 | J101: 0 | K101: Health Insurance | L101: 32808 | M101: 28916.08 | N101: 36546 | O101: 35117
B102: 1001 | C102: 106 | D102: 11 | E102: 11 | F102: 0 | G102: 2220 | H102: 5 | I102: 2190 | J102: 0 | K102: HRA | L102: 0 | M102: 0 | N102: 0 | O102: 4000
B103: 1001 | C103: 106 | D103: 11 | E103: 11 | F103: 0 | G103: 2220 | H103: 5 | I103: 2200 | J103: 0 | K103: FICA | L103: 5779 | M103: 5171.24 | N103: 5875 | O103: 6075
B104: 1001 | C104: 106 | D104: 11 | E104: 11 | F104: 0 | G104: 2220 | H104: 5 | I104: 2290 | J104: 0 | K104: Childcare Tax | L104: 249 | M104: 206.9 | N104: 253 | O104: 262
B105: 1001 | C105: 106 | D105: 11 | E105: 11 | F105: 0 | G105: 2220 | H105: 5 | I105: 2510 | J105: 0 | K105: Tuition Reimbursement | L105: 0 | M105: 1485 | N105: 0 | O105: 0
B106: 1001 | C106: 106 | D106: 11 | E106: 11 | F106: 0 | G106: 2220 | H106: 5 | I106: 2610 | J106: 0 | K106: Unemployment Comp | L106: 0 | M106: 0 | N106: 0 | O106: 5
B107: 1001 | C107: 106 | D107: 11 | E107: 11 | F107: 0 | G107: 2220 | H107: 5 | I107: 2710 | J107: 0 | K107: Workers Comp | L107: 76 | M107: 77 | N107: 77 | O107: 608
B108: 1001 | C108: 106 | D108: 11 | E108: 11 | F108: 0 | G108: 2220 | H108: 5 | I108: 2810 | J108: 0 | K108: Dental Insurance | L108: 361 | M108: 360.48 | N108: 361 | O108: 350
B109: 1001 | C109: 106 | D109: 11 | E109: 11 | F109: 0 | G109: 2220 | H109: 5 | I109: 2920 | J109: 0 | K109: Life Insurance | L109: 0 | M109: 0 | N109: 0 | O109: 19
B110: 1001 | C110: 106 | D110: 11 | E110: 11 | F110: 0 | G110: 2220 | H110: 5 | I110: 2940 | J110: 0 | K110: Long Term Disablity | L110: 218 | M110: 182.11 | N110: 221 | O110: 202
B111: 1001 | C111: 106 | D111: 11 | E111: 11 | F111: 0 | G111: 2220 | H111: 5 | I111: 6110 | J111: 0 | K111: General Supplies | L111: 2500 | M111: 1482.41 | N111: 2500 | O111: 2500
... B114: 1001 | C114: 106 | D114: 11 | E114: 11 | F114: 0 | G114: 2220 | H114: 5 | I114: 8110 | J114: 0 | K114: Dues & Fees | L114: 1300 | M114: 1191.44 | N114: 0 | O114: 0
K115: Total Library / Media Services | L115: 122334 | M115: 115777.26 | N115: 127775 | O115: 133454
K117: Technology for Instuction
B118: 1001 | C118: 106 | D118: 11 | E118: 11 | F118: 0 | G118: 2230 | H118: 5 | I118: 5310 | J118: 0 | K118: Communications | L118: 4800 | M118: 4400 | N118: 4800 | O118: 4800
B119: 1001 | C119: 106 | D119: 11 | E119: 11 | F119: 0 | G119: 2230 | H119: 5 | I119: 7350 | J119: 0 | K119: Technology Software | L119: 950 | M119: 0 | N119: 950 | O119: 0
K120: Total Technology for Instruction | L120: 5750 | M120: 4400 | N120: 5750 | O120: 4800
K122: Board of Education
B123: 1001 | C123: 106 | D123: 11 | E123: 21 | F123: 0 | G123: 2311 | H123: 5 | I123: 1910 | J123: 0 | K123: Other Salaries | L123: 4200 | M123: 4600 | N123: 4200 | O123: 4600
B124: 1001 | C124: 106 | D124: 11 | E124: 21 | F124: 0 | G124: 2311 | H124: 5 | I124: 2200 | J124: 0 | K124: FICA | L124: 320 | M124: 351.9 | N124: 320 | O124: 353
B125: 1001 | C125: 106 | D125: 11 | E125: 21 | F125: 0 | G125: 2311 | H125: 5 | I125: 2290 | J125: 0 | K125: Childcare Tax | L125: 14 | M125: 15.18 | N125: 14 | O125: 15
B126: 1001 | C126: 106 | D126: 11 | E126: 11 | F126: 0 | G126: 2311 | H126: 5 | I126: 2610 | J126: 0 | K126: Unemployment Comp | L126: 0 | M126: 522.65 | N126: 0 | O126: 46
B127: 1001 | C127: 106 | D127: 11 | E127: 21 | F127: 0 | G127: 2311 | H127: 5 | I127: 3410 | J127: 0 | K127: Other Professional Services | L127: 16000 | M127: 20668.8 | N127: 11000 | O127: 18584
B128: 1001 | C128: 106 | D128: 11 | E128: 11 | F128: 0 | G128: 2311 | H128: 5 | I128: 5210 | J128: 0 | K128: Insurance | L128: 0 | M128: 0 | N128: 0 | O128: 18854
B129: 1001 | C129: 106 | D129: 11 | E129: 11 | F129: 0 | G129: 2311 | H129: 5 | I129: 8110 | J129: 0 | K129: Dues & Fees | L129: 0 | M129: 2879.64 | N129: 0 | O129: 3024
K130: Total Board of Education | L130: 20534 | M130: 29038.17 | N130: 15534 | O130: 45476
K132: Office of the Principal
...

Sheet Func Summary
A1: FY27 Westminster Proposed Budget
A2: General Fund Budget Summary
A4: Revenue
A5: Description | B5: FY25 Budget | C5: FY25 Actual | D5: FY26 Budget | E5: FY27 Budget | F5: Difference
A7: Bank Interest | B7: 0 | C7: 25032.12 | D7: 0 | E7: 15000 | F7: 15000
A8: Prior Year Revenue | B8: 150000 | C8: 281343.14 | D8: 100000 | E8: 100000 | F8: 0
A9: ED Spending Grant | B9: 2350406 | C9: 2457723.9 | D9: 5208124 | E9: 5030255 | F9: -177869
A10: ED Spending Tax | B10: 2865594 | C10: 2758276.1 | D10: 0 | E10: 0 | F10: 0
A11: TOTAL REVENUE | B11: 5366000 | C11: 5522375.3 | D11: 5308124 | E11: 5145255 | F11: -162869
A13: Expenditures
A14: Description | B14: FY25 Budget | C14: FY25 Actual | D14: FY26 Budget | E14: FY27 Budget | F14: Difference
A16: Pre-Kindergarten | B16: 81564 | C16: 70466.85 | D16: 78000 | E16: 74495 | F16: -3505
A17: Direct Instruction | B17: 1855253 | C17: 1742358.7 | D17: 1656088 | E17: 1730228 | F17: 74140
A18: Special Education | B18: 28000 | C18: 0 | D18: 28000 | E18: 0 | F18: -28000
A19: Co-Curricular | B19: 17000 | C19: 14843.95 | D19: 17000 | E19: 17000 | F19: 0
A20: Guidance | B20: 119212 | C20: 120716.51 | D20: 126748 | E20: 131358 | F20: 4610
A21: Health Services | B21: 102523 | C21: 91974.57 | D21: 103614 | E21: 108300 | F21: 4686
A22: Instruction and Curriculum | B22: 10500 | C22: 2567.05 | D22: 3000 | E22: 3000 | F22: 0
A23: Library / Media Services | B23: 122334 | C23: 115777.26 | D23: 127775 | E23: 133454 | F23: 5679
A24: Technology for Instuction | B24: 5750 | C24: 4400 | D24: 5750 | E24: 4800 | F24: -950
A25: Board of Education | B25: 20534 | C25: 29038.17 | D25: 15534 | E25: 45476 | F25: 29942
A26: Office of the Principal | B26: 237269 | C26: 222287.53 | D26: 232293 | E26: 243629 | F26: 11336
A27: Fiscal Services | B27: 0 | C27: 2263.78 | D27: 0 | E27: 0 | F27: 0
... A35: TOTAL EXPENDITURES | B35: 5366000 | C35: 5411386.7 | D35: 5308124 | E35: 5145255 | F35: -162869

Sheet Obj Sort
A1: Westminster School District
A2: FY27 Comparative Budget Report
A3: General Fund (1001)
B5: Fund | C5: Loc | D5: Level | E5: Prgm | F5: Rev | G5: Func | H5: Type | I5: Acct | J5: Local | K5: Account | L5: FY25 Budget | M5: FY26 Budget | N5: FY27 Budget
B7: 1001 | C7: 106 | D7: 11 | E7: 11 | F7: 0 | G7: 1101 | H7: 5 | I7: 1110 | J7: 0 | K7: Teacher Salaries | L7: 1115304 | M7: 1055759 | N7: 1078482
B8: 1001 | C8: 106 | D8: 11 | E8: 11 | F8: 0 | G8: 2120 | H8: 5 | I8: 1110 | J8: 0 | K8: Teacher Salaries | L8: 79123 | M8: 82628 | N8: 84280
B9: 1001 | C9: 106 | D9: 11 | E9: 11 | F9: 0 | G9: 2131 | H9: 5 | I9: 1110 | J9: 0 | K9: Teacher Salaries | L9: 68173 | M9: 70392 | N9: 73016
B10: 1001 | C10: 106 | D10: 11 | E10: 11 | F10: 0 | G10: 2220 | H10: 5 | I10: 1110 | J10: 0 | K10: Teacher Salaries | L10: 75543 | M10: 76792 | N10: 79416
B11: 1001 | C11: 106 | D11: 11 | E11: 12 | F11: 0 | G11: 3300 | H11: 5 | I11: 1110 | J11: 0 | K11: TEACHER SALARIES | L11: 0 | M11: 0 | N11: 8379
B12: 1001 | C12: 106 | D12: 11 | E12: 11 | F12: 0 | G12: 1101 | H12: 5 | I12: 1210 | J12: 0 | K12: Paraeducator Salaries | L12: 55336 | M12: 58226 | N12: 58473
B13: 1001 | C13: 106 | D13: 11 | E13: 12 | F13: 0 | G13: 3300 | H13: 5 | I13: 1210 | J13: 0 | K13: PARAEDUCATOR SALARIES | L13: 0 | M13: 0 | N13: 4992
B14: 1001 | C14: 106 | D14: 11 | E14: 11 | F14: 0 | G14: 1101 | H14: 5 | I14: 1310 | J14: 0 | K14: Substitute | L14: 25000 | M14: 25000 | N14: 25000
B15: 1001 | C15: 106 | D15: 11 | E15: 11 | F15: 0 | G15: 2410 | H15: 5 | I15: 1410 | J15: 0 | K15: Administration Salaries | L15: 103210 | M15: 105274 | N15: 111633
B16: 1001 | C16: 106 | D16: 11 | E16: 11 | F16: 0 | G16: 2410 | H16: 5 | I16: 1610 | J16: 0 | K16: Clerical Salaries | L16: 44943 | M16: 47940 | N16: 50104
B17: 1001 | C17: 106 | D17: 11 | E17: 11 | F17: 0 | G17: 2610 | H17: 5 | I17: 1810 | J17: 0 | K17: Non-Technical Generalist Salaries | L17: 147050 | M17: 167244 | N17: 192468
B18: 1001 | C18: 106 | D18: 11 | E18: 11 | F18: 0 | G18: 1101 | H18: 5 | I18: 1910 | J18: 0 | K18: Stipends | L18: 1500 | M18: 1500 | N18: 0
B19: 1001 | C19: 106 | D19: 11 | E19: 21 | F19: 0 | G19: 2311 | H19: 5 | I19: 1910 | J19: 0 | K19: Other Salaries | L19: 4200 | M19: 4200 | N19: 4600
K20: Wages | L20: =SUM(L7:L19) -> 1719382 | M20: =SUM(M7:M19) -> 1694955 | N20: =SUM(N7:N19) -> 1770843
B22: 1001 | C22: 106 | D22: 11 | E22: 11 | F22: 0 | G22: 1101 | H22: 5 | I22: 2110 | J22: 0 | K22: Health Insurance | L22: 332514 | M22: 307273 | N22: 300425
B23: 1001 | C23: 106 | D23: 11 | E23: 11 | F23: 0 | G23: 2120 | H23: 5 | I23: 2110 | J23: 0 | K23: Health Insurance | L23: 32808 | M23: 36546 | N23: 35117
B24: 1001 | C24: 106 | D24: 11 | E24: 11 | F24: 0 | G24: 2131 | H24: 5 | I24: 2110 | J24: 0 | K24: Health Insurance | L24: 23823 | M24: 22511 | N24: 19695
B25: 1001 | C25: 106 | D25: 11 | E25: 11 | F25: 0 | G25: 2220 | H25: 5 | I25: 2110 | J25: 0 | K25: Health Insurance | L25: 32808 | M25: 36546 | N25: 35117
B26: 1001 | C26: 106 | D26: 11 | E26: 11 | F26: 0 | G26: 2410 | H26: 5 | I26: 2110 | J26: 0 | K26: Health Insurance | L26: 32808 | M26: 34822 | N26: 33247
B27: 1001 | C27: 106 | D27: 11 | E27: 11 | F27: 0 | G27: 2610 | H27: 5 | I27: 2110 | J27: 0 | K27: Health Insurance | L27: 57061 | M27: 58037 | N27: 47794
B28: 1001 | C28: 106 | D28: 11 | E28: 11 | F28: 0 | G28: 1101 | H28: 5 | I28: 2180 | J28: 0 | K28: HSA | L28: 0 | M28: 0 | N28: 1900
B29: 1001 | C29: 106 | D29: 11 | E29: 11 | F29: 0 | G29: 2131 | H29: 5 | I29: 2180 | J29: 0 | K29: HSA | L29: 0 | M29: 0 | N29: 4000
B30: 1001 | C30: 106 | D30: 11 | E30: 11 | F30: 0 | G30: 2410 | H30: 5 | I30: 2180 | J30: 0 | K30: HSA | L30: 0 | M30: 0 | N30: 4000
B31: 1001 | C31: 106 | D31: 11 | E31: 11 | F31: 0 | G31: 1101 | H31: 5 | I31: 2190 | J31: 0 | K31: HRA | L31: 0 | M31: 0 | N31: 41300
B32: 1001 | C32: 106 | D32: 11 | E32: 11 | F32: 0 | G32: 2120 | H32: 5 | I32: 2190 | J32: 0 | K32: HRA | L32: 0 | M32: 0 | N32: 4000
B33: 1001 | C33: 106 | D33: 11 | E33: 11 | F33: 0 | G33: 2220 | H33: 5 | I33: 2190 | J33: 0 | K33: HRA | L33: 0 | M33: 0 | N33: 4000
... B92: 1001 | C92: 106 | D92: 11 | E92: 11 | F92: 0 | G92: 2610 | H92: 5 | I92: 2940 | J92: 0 | K92: Long Term Disablity | L92: 452 | M92: 505 | N92: 489
K93: Benefits | L93: =SUM(L22:L92) -> 728440 | M93: =SUM(M22:M92) -> 713936 | N93: =SUM(N22:N92) -> 786096
B95: 1001 | C95: 106 | D95: 11 | E95: 11 | F95: 0 | G95: 1101 | H95: 5 | I95: 3210 | J95: 0 | K95: Professional Educational Services | L95: 121200 | M95: 10000 | N95: 0
B96: 1001 | C96: 106 | D96: 11 | E96: 21 | F96: 0 | G96: 1201 | H96: 5 | I96: 3210 | J96: 0 | K96: Professional Educational Services | L96: 8000 | M96: 8000 | N96: 0
B97: 1001 | C97: 106 | D97: 11 | E97: 11 | F97: 0 | G97: 2212 | H97: 5 | I97: 3210 | J97: 0 | K97: Professional Educational Services | L97: 2000 | M97: 2000 | N97: 2000
B98: 1001 | C98: 106 | D98: 11 | E98: 21 | F98: 0 | G98: 2311 | H98: 5 | I98: 3410 | J98: 0 | K98: Other Professional Services | L98: 16000 | M98: 11000 | N98: 18584
K99: Contracted Services | L99: =SUM(L95:L98) -> 147200 | M99: =SUM(M95:M98) -> 31000 | N99: =SUM(N95:N98) -> 20584
B101: 1001 | C101: 106 | D101: 11 | E101: 11 | F101: 0 | G101: 2610 | H101: 5 | I101: 4110 | J101: 0 | K101: Utility Services - Water | L101: 2500 | M101: 2750 | N101: 2750
B102: 1001 | C102: 106 | D102: 11 | E102: 11 | F102: 0 | G102: 2610 | H102: 5 | I102: 4210 | J102: 0 | K102: Cleaning Services - West | L102: 0 | M102: 0 | N102: 0
B103: 1001 | C103: 106 | D103: 11 | E103: 11 | F103: 0 | G103: 2610 | H103: 5 | I103: 4220 | J103: 0 | K103: Snow Removal | L103: 11500 | M103: 11500 | N103: 14000
B104: 1001 | C104: 106 | D104: 11 | E104: 11 | F104: 0 | G104: 2610 | H104: 5 | I104: 4250 | J104: 0 | K104: Trash Removal | L104: 4500 | M104: 5750 | N104: 5800
B105: 1001 | C105: 106 | D105: 11 | E105: 11 | F105: 0 | G105: 1101 | H105: 5 | I105: 4310 | J105: 0 | K105: Non-Technology Repair & Maintenance | L105: 500 | M105: 500 | N105: 0
B106: 1001 | C106: 106 | D106: 11 | E106: 11 | F106: 0 | G106: 2410 | H106: 5 | I106: 4310 | J106: 0 | K106: Non-Technology Repair & Maintenance | L106: 13800 | M106: 1000 | N106: 1000
B107: 1001 | C107: 106 | D107: 11 | E107: 11 | F107: 0 | G107: 2610 | H107: 5 | I107: 4310 | J107: 0 | K107: Non-Technology Repair & Maintenance | L107: 30000 | M107: 30000 | N107: 40000
B108: 1001 | C108: 106 | D108: 11 | E108: 11 | F108: 0 | G108: 2610 | H108: 5 | I108: 4320 | J108: 0 | K108: Technology Repair & Maintenance | L108: 14250 | M108: 14250 | N108: 15000
B109: 1001 | C109: 106 | D109: 11 | E109: 11 | F109: 0 | G109: 2711 | H109: 5 | I109: 4320 | J109: 0 | K109: Technology Repair & Maintenance | L109: 2000 | M109: 2000 | N109: 2000
B110: 1001 | C110: 106 | D110: 11 | E110: 11 | F110: 0 | G110: 2410 | H110: 5 | I110: 4410 | J110: 0 | K110: Postage | L110: 0 | M110: 0 | N110: 800
B111: 1001 | C111: 106 | D111: 11 | E111: 11 | F111: 0 | G111: 2410 | H111: 5 | I111: 4410 | J111: 0 | K111: Copier | L111: 12000 | M111: 12000 | N111: 12000
K112: Maintenance & Repair | L112: =SUM(L101:L111) -> 91050 | M112: =SUM(M101:M111) -> 79750 | N112: =SUM(N101:N111) -> 93350
B114: 1001 | C114: 106 | D114: 11 | E114: 11 | F114: 0 | G114: 2311 | H114: 5 | I114: 5210 | J114: 0 | K114: Insurance | L114: 0 | M114: 0 | N114: 18854
B115: 1001 | C115: 106 | D115: 11 | E115: 11 | F115: 0 | G115: 2610 | H115: 5 | I115: 5210 | J115: 0 | K115: Insurance | L115: 12396 | M115: 12550 | N115: 29060
B116: 1001 | C116: 106 | D116: 11 | E116: 11 | F116: 0 | G116: 2131 | H116: 5 | I116: 5310 | J116: 0 | K116: Communications | L116: 558 | M116: 558 | N116: 550
B117: 1001 | C117: 106 | D117: 11 | E117: 11 | F117: 0 | G117: 2230 | H117: 5 | I117: 5310 | J117: 0 | K117: Communications | L117: 4800 | M117: 4800 | N117: 4800
B118: 1001 | C118: 106 | D118: 11 | E118: 11 | F118: 0 | G118: 2410 | H118: 5 | I118: 5310 | J118: 0 | K118: Communications | L118: 5000 | M118: 5000 | N118: 5000
B119: 1001 | C119: 106 | D119: 11 | E119: 11 | F119: 0 | G119: 2610 | H119: 5 | I119: 5310 | J119: 0 | K119: Communications | L119: 660 | M119: 660 | N119: 660
B120: 1001 | C120: 106 | D120: 11 | E120: 11 | F120: 0 | G120: 1101 | H120: 5 | I120: 5810 | J120: 0 | K120: Travel | L120: 500 | M120: 500 | N120: 3491
B121: 1001 | C121: 106 | D121: 11 | E121: 11 | F121: 0 | G121: 2410 | H121: 5 | I121: 5810 | J121: 0 | K121: Travel | L121: 1000 | M121: 1000 | N121: 1000
K122: Comms, Ins, Travel | L122: =SUM(L114:L121) -> 24914 | M122: =SUM(M114:M121) -> 25068 | N122: =SUM(N114:N121) -> 63415
B124: 1001 | C124: 106 | D124: 31 | E124: 11 | F124: 0 | G124: 1101 | H124: 5 | I124: 5610 | J124: 0 | K124: Tuition to Public VT LEA's | L124: 835000 | M124: 835000 | N124: 690375
B125: 1001 | C125: 106 | D125: 1 | E125: 11 | F125: 0 | G125: 1101 | H125: 5 | I125: 5620 | J125: 0 | K125: Tuition To Private VT | L125: 81564 | M125: 78000 | N125: 74495
B126: 1001 | C126: 106 | D126: 31 | E126: 11 | F126: 0 | G126: 1101 | H126: 5 | I126: 5620 | J126: 0 | K126: Tuition To Private VT | L126: 209000 | M126: 209000 | N126: 87824
B127: 1001 | C127: 106 | D127: 11 | E127: 21 | F127: 0 | G127: 1201 | H127: 5 | I127: 5940 | J127: 0 | K127: Special Ed Excess Cost | L127: 20000 | M127: 20000 | N127: 0
K128: Tuition | L128: =SUM(L124:L127) -> 1145564 | M128: =SUM(M124:M127) -> 1142000 | N128: =SUM(N124:N127) -> 852694
B130: 1001 | C130: 303 | D130: 51 | E130: 11 | F130: 0 | G130: 2590 | H130: 5 | I130: 5930 | K130: SU Assessment - Early Childhood | L130: 53894 | M130: 99911 | N130: 68576
B131: 1001 | C131: 303 | D131: 51 | E131: 11 | F131: 0 | G131: 2590 | H131: 5 | I131: 5930 | K131: SU Assessment - Central Office | L131: 675238 | M131: 682614 | N131: 562952
B132: 1001 | C132: 303 | D132: 51 | E132: 11 | F132: 0 | G132: 2590 | H132: 5 | I132: 5930 | K132: SU Assessment - Food Service | L132: 42579 | M132: 39083 | N132: 73950
B133: 1001 | C133: 303 | D133: 51 | E133: 11 | F133: 0 | G133: 2590 | H133: 5 | I133: 5930 | K133: SU Assessment - Special Education | L133: 404626 | M133: 472738 | N133: 689927
K134: Assessment | L134: =SUM(L130:L133) -> 1176337 | M134: =SUM(M130:M133) -> 1294346 | N134: =SUM(N130:N133) -> 1395405
B136: 1001 | C136: 106 | D136: 11 | E136: 11 | F136: 0 | G136: 1101 | H136: 5 | I136: 6110 | J136: 0 | K136: General Supplies | L136: 41200 | M136: 41200 | N136: 40000
B137: 1001 | C137: 106 | D137: 11 | E137: 11 | F137: 0 | G137: 1501 | H137: 5 | I137: 6110 | J137: 0 | K137: General Supplies | L137: 2000 | M137: 2000 | N137: 2000
B138: 1001 | C138: 106 | D138: 11 | E138: 11 | F138: 0 | G138: 2120 | H138: 5 | I138: 6110 | J138: 0 | K138: General Supplies | L138: 300 | M138: 300 | N138: 0
B139: 1001 | C139: 106 | D139: 11 | E139: 11 | F139: 0 | G139: 2131 | H139: 5 | I139: 6110 | J139: 0 | K139: General Supplies | L139: 3100 | M139: 3100 | N139: 1619
B140: 1001 | C140: 106 | D140: 11 | E140: 11 | F140: 0 | G140: 2212 | H140: 5 | I140: 6110 | J140: 0 | K140: General Supplies | L140: 8500 | M140: 1000 | N140: 1000
B141: 1001 | C141: 106 | D141: 11 | E141: 11 | F141: 0 | G141: 2220 | H141: 5 | I141: 6110 | J141: 0 | K141: General Supplies | L141: 2500 | M141: 2500 | N141: 2500
B142: 1001 | C142: 106 | D142: 11 | E142: 11 | F142: 0 | G142: 2410 | H142: 5 | I142: 6110 | J142: 0 | K142: General Supplies | L142: 5000 | M142: 5000 | N142: 5000
B143: 1001 | C143: 106 | D143: 11 | E143: 11 | F143: 0 | G143: 2610 | H143: 5 | I143: 6110 | J143: 0 | K143: General Supplies | L143: 21069 | M143: 21069 | N143: 22000
B144: 1001 | C144: 106 | D144: 11 | E144: 11 | F144: 0 | G144: 1101 | H144: 5 | I144: 6410 | J144: 0 | K144: Books and Periodicals | L144: 9000 | M144: 10000 | N144: 9000
B145: 1001 | C145: 106 | D145: 11 | E145: 11 | F145: 0 | G145: 2220 | H145: 5 | I145: 6410 | J145: 0 | K145: Books & Periodicals | L145: 3500 | M145: 3500 | N145: 3500
K146: Books & Supplies | L146: =SUM(L136:L145) -> 96169 | M146: =SUM(M136:M145) -> 89669 | N146: =SUM(N136:N145) -> 86619
B148: 1001 | C148: 106 | D148: 11 | E148: 11 | F148: 0 | G148: 2610 | H148: 5 | I148: 6220 | J148: 0 | K148: Electricity, | L148: 38600 | M148: 53000 | N148: 10000
B149: 1001 | C149: 106 | D149: 11 | E149: 11 | F149: 0 | G149: 2610 | H149: 5 | I149: 6230 | J149: 0 | K149: Bottled Gas | L149: 250 | M149: 250 | N149: 250
B150: 1001 | C150: 106 | D150: 11 | E150: 11 | F150: 0 | G150: 2610 | H150: 5 | I150: 6240 | J150: 0 | K150: Heating Oil | L150: 30000 | M150: 20000 | N150: 20000
B151: 1001 | C151: 106 | D151: 11 | E151: 11 | F151: 0 | G151: 2610 | H151: 5 | I151: 6240 | J151: 0 | K151: Wood Chips | L151: 21000 | M151: 20000 | N151: 20000
B152: 1001 | C152: 106 | D152: 11 | E152: 11 | F152: 0 | G152: 2711 | H152: 5 | I152: 6260 | J152: 0 | K152: Gasoline | L152: 1000 | M152: 1000 | N152: 1000
K153: Energy | L153: =SUM(L148:L152) -> 90850 | M153: =SUM(M148:M152) -> 94250 | N153: =SUM(N148:N152) -> 51250
B155: 1001 | C155: 106 | D155: 11 | E155: 11 | F155: 0 | G155: 1101 | H155: 5 | I155: 7330 | J155: 0 | K155: Furniture and Fixtures | L155: 5000 | M155: 5000 | N155: 0
B156: 1001 | C156: 106 | D156: 11 | E156: 11 | F156: 0 | G156: 1101 | H156: 5 | I156: 7350 | J156: 0 | K156: Technology Software | L156: 0 | M156: 650 | N156: 650
B157: 1001 | C157: 106 | D157: 11 | E157: 11 | F157: 0 | G157: 2131 | H157: 5 | I157: 7350 | J157: 0 | K157: Technology Software | L157: 0 | M157: 800 | N157: 825
B158: 1001 | C158: 106 | D158: 11 | E158: 11 | F158: 0 | G158: 2220 | H158: 5 | I158: 7350 | J158: 0 | K158: Technology Software | L158: 0 | M158: 1650 | N158: 1400
B159: 1001 | C159: 106 | D159: 11 | E159: 11 | F159: 0 | G159: 2230 | H159: 5 | I159: 7350 | J159: 0 | K159: Technology Software | L159: 950 | M159: 950 | N159: 0
B160: 1001 | C160: 106 | D160: 11 | E160: 11 | F160: 0 | G160: 1101 | H160: 5 | I160: 7390 | J160: 0 | K160: Other Equipment | L160: 1000 | M160: 0 | N160: 0
K161: Equipment | L161: =SUM(L155:L160) -> 6950 | M161: =SUM(M155:M160) -> 9050 | N161: =SUM(N155:N160) -> 2875
B163: 1001 | C163: 106 | D163: 11 | E163: 11 | F163: 0 | G163: 1101 | H163: 5 | I163: 8110 | J163: 0 | K163: Dues & Fees | L163: 2250 | M163: 500 | N163: 500
B164: 1001 | C164: 106 | D164: 11 | E164: 11 | F164: 0 | G164: 1501 | H164: 5 | I164: 8110 | J164: 0 | K164: Dues & Fees | L164: 15000 | M164: 15000 | N164: 15000
B165: 1001 | C165: 106 | D165: 11 | E165: 11 | F165: 0 | G165: 2131 | H165: 5 | I165: 8110 | J165: 0 | K165: Dues & Fees | L165: 800 | M165: 0 | N165: 0
B166: 1001 | C166: 106 | D166: 11 | E166: 11 | F166: 0 | G166: 2220 | H166: 5 | I166: 8110 | J166: 0 | K166: Dues & Fees | L166: 1300 | M166: 0 | N166: 0
B167: 1001 | C167: 106 | D167: 11 | E167: 11 | F167: 0 | G167: 2311 | H167: 5 | I167: 8110 | J167: 0 | K167: Dues & Fees | L167: 0 | M167: 0 | N167: 3024
B168: 1001 | C168: 106 | D168: 11 | E168: 11 | F168: 0 | G168: 2410 | H168: 5 | I168: 8110 | J168: 0 | K168: Dues & Fees | L168: 1300 | M168: 1300 | N168: 1300
B169: 1001 | C169: 106 | D169: 11 | E169: 11 | F169: 0 | G169: 2610 | H169: 5 | I169: 8110 | J169: 0 | K169: Dues and Fees | L169: 2300 | M169: 2300 | N169: 2300
K170: Dues & Fees | L170: =SUM(L163:L169) -> 22950 | M170: =SUM(M163:M169) -> 19100 | N170: =SUM(N163:N169) -> 22124
...

Sheet Categories
A1: Westminster School District
A2: Statistics FY2025 - FY2027
A4: District Enrollment
A5: Location | B5: 2024-2025 | C5: 2025-2026* | D5: 2026-2027 | E5: Difference | F5: % Difference
A6: Westminster Elementary | B6: 131 | C6: 123 | D6: 0 | E6: =D6-C6 -> -123 | F6: =E6/C6 -> -1
A7: *Counts as of 12/09/25
A9: Expenditures by Account Category
A10: Category | B10: 2024-2025 | C10: 2025-2026 | D10: 2026-2027 | E10: $ Difference | F10: % Difference
A11: Wages | B11: ='Obj Sort'!L20 -> 1719382 | C11: ='Obj Sort'!M20 -> 1694955 | D11: ='Obj Sort'!N20 -> 1770843 | E11: =D11-C11 -> 75888 | F11: =E11/C11 -> 0.04477287
A12: Benefits | B12: ='Obj Sort'!L93 -> 728440 | C12: ='Obj Sort'!M93 -> 713936 | D12: ='Obj Sort'!N93 -> 786096 | E12: =D12-C12 -> 72160 | F12: =E12/C12 -> 0.10107349
A13: Contracted Services | B13: ='Obj Sort'!L99 -> 147200 | C13: ='Obj Sort'!M99 -> 31000 | D13: ='Obj Sort'!N99 -> 20584 | E13: =D13-C13 -> -10416 | F13: =E13/C13 -> -0.336
A14: Maintenance & Repair | B14: ='Obj Sort'!L112 -> 91050 | C14: ='Obj Sort'!M112 -> 79750 | D14: ='Obj Sort'!N112 -> 93350 | E14: =D14-C14 -> 13600 | F14: =E14/C14 -> 0.17053292
A15: Communications/Insurance/Travel | B15: ='Obj Sort'!L122 -> 24914 | C15: ='Obj Sort'!M122 -> 25068 | D15: ='Obj Sort'!N122 -> 63415 | E15: =D15-C15 -> 38347 | F15: =E15/C15 -> 1.5297192
A16: Tuition | B16: ='Obj Sort'!L128 -> 1145564 | C16: ='Obj Sort'!M128 -> 1142000 | D16: ='Obj Sort'!N128 -> 852694 | E16: =D16-C16 -> -289306 | F16: =E16/C16 -> -0.25333275
A17: Assessments | B17: ='Obj Sort'!L134 -> 1176337 | C17: ='Obj Sort'!M134 -> 1294346 | D17: ='Obj Sort'!N134 -> 1395405 | E17: =D17-C17 -> 101059 | F17: =E17/C17 -> 0.078077268
A18: Books & Supplies | B18: ='Obj Sort'!L146 -> 96169 | C18: ='Obj Sort'!M146 -> 89669 | D18: ='Obj Sort'!N146 -> 86619 | E18: =D18-C18 -> -3050 | F18: =E18/C18 -> -0.034013985
A19: Energy | B19: ='Obj Sort'!L153 -> 90850 | C19: ='Obj Sort'!M153 -> 94250 | D19: ='Obj Sort'!N153 -> 51250 | E19: =D19-C19 -> -43000 | F19: =E19/C19 -> -0.45623342
A20: Equipment/Furniture/Software | B20: ='Obj Sort'!L161 -> 6950 | C20: ='Obj Sort'!M161 -> 9050 | D20: ='Obj Sort'!N161 -> 2875 | E20: =D20-C20 -> -6175 | F20: =E20/C20 -> -0.68232044
A21: Dues & Fees | B21: ='Obj Sort'!L170 -> 22950 | C21: ='Obj Sort'!M170 -> 19100 | D21: ='Obj Sort'!N170 -> 22124 | E21: =D21-C21 -> 3024 | F21: =E21/C21 -> 0.15832461
A22: Debt Service | B22: ='Obj Sort'!L174 -> 96194 | C22: ='Obj Sort'!M174 -> 95000 | D22: ='Obj Sort'!N174 -> 0 | E22: =D22-C22 -> -95000 | F22: =E22/C22 -> -1
A23: Fund Transfers | B23: ='Obj Sort'!L177 -> 20000 | C23: ='Obj Sort'!M177 -> 20000 | D23: ='Obj Sort'!N177 -> 0 | E23: =D23-C23 -> -20000 | F23: =E23/C23 -> -1
A24: Totals | B24: =SUM(B11:B23) -> 5366000 | C24: =SUM(C11:C23) -> 5308124 | D24: =SUM(D11:D23) -> 5145255 | E24: =SUM(E11:E23) -> -162869 | F24: =E24/C24 -> -0.030682968
E25: .
A26: Education Funding Formula Statistics
A27: Statistic | B27: 2024-2025 | C27: 2025-2026 | D27: 2026-2027 | E27: Difference | F27: % Difference
A28: Total Budget | B28: 5366000 | C28: 5308124 | D28: 5145255 | E28: =D28-C28 -> -162869 | F28: =E28/C28 -> -0.030682968
A29: CLA | B29: 0.7683 | C29: 0.9453 | D29: 0.8867 | E29: =D29-C29 -> -0.0586 | F29: =E29/C29 -> -0.061990902
A30: Long Term Weighted Averave (LTW) | B30: 391.39 | C30: 346.85 | D30: 328.4 | E30: =D30-C30 -> -18.45 | F30: =E30/C30 -> -0.053193023
A31: Education Spending per Pupil | B31: 13326.86 | C31: 15015.49 | D31: 15317.463 | E31: =D31-C31 -> 301.97346 | F31: =E31/C31 -> 0.020110796
A32: Homestead Tax Rate | B32: 1.6469 | C32: 1.7479 | D32: 1.8428 | E32: =D32-C32 -> 0.0949 | F32: =E32/C32 -> 0.054293724
A33: * Projected subject to Vermont Legislature changes.
A35: Assessment Comparisons
A36: Assessments Type | B36: 2024-2025 | C36: 2025-2026 | D36: 2026-2027 | E36: $ Difference | F36: % Difference
A37: Tech | F37: #DIV/0!
A38: Early Childhood | B38: ='Obj Sort'!L130 -> 53894 | C38: ='Obj Sort'!M130 -> 99911 | D38: ='Obj Sort'!N130 -> 68576 | E38: =D38-C38 -> -31335 | F38: =E38/C38 -> -0.31362913
A39: Central Office | B39: ='Obj Sort'!L131 -> 675238 | C39: ='Obj Sort'!M131 -> 682614 | D39: ='Obj Sort'!N131 -> 562952 | E39: =D39-C39 -> -119662 | F39: =E39/C39 -> -0.17529966
A40: Food Program | B40: ='Obj Sort'!L132 -> 42579 | C40: ='Obj Sort'!M132 -> 39083 | D40: ='Obj Sort'!N132 -> 73950 | E40: =D40-C40 -> 34867 | F40: =E40/C40 -> 0.89212701
A41: Special Ed | B41: ='Obj Sort'!L133 -> 404626 | C41: ='Obj Sort'!M133 -> 472738 | D41: ='Obj Sort'!N133 -> 689927 | E41: =D41-C41 -> 217189 | F41: =E41/C41 -> 0.45942784
A42: Totals | B42: =SUM(B38:B41) -> 1176337 | C42: =SUM(C38:C41) -> 1294346 | D42: =SUM(D38:D41) -> 1395405 | E42: =SUM(E38:E41) -> 101059 | F42: =E42/C42 -> 0.078077268
